 Dungeon Crawl Stone Soup version 0.23-a0-690-g0a1fc62 (webtiles) character file.

21 Yuikono the Covered (level 2, 27/27 HPs)
             Began as a Minotaur Fighter on Jan 11, 2019.
             Quit the game on level 1 of the Dungeon.
             The game lasted 00:00:50 (497 turns).

Yuikono the Covered (Minotaur Fighter)               Turns: 497, Time: 00:00:51

Health: 27/27      AC:  7    Str: 20    XL:     2   Next: 62%
Magic:  1/1        EV:  7    Int:  5    God:
Gold:   66         SH:  9    Dex:  9    Spells: 1/1 levels left

rFire    . . .     SeeInvis .   a - +0 rapier
rCold    . . .     Gourm    .   c - +0 shield
rNeg     . . .     Faith    .   b - +0 scale mail
rPois    .         Spirit   .   (helmet restricted)
rElec    .         Reflect  .   (no cloak)
rCorr    .         Harm     .   (no gloves)
MR       .....                  (no boots)
Stlth    ..........             (no amulet)
HPRegen  0.09/turn              (no ring)
MPRegen  0.07/turn              (no ring)

@: no status effects
A: retaliatory headbutt, horns 2
a: no special abilities


You were on level 1 of the Dungeon.
You were not hungry.

You visited 1 branch of the dungeon, and saw 1 of its levels.

You collected 66 gold pieces.

Inventory:

Hand Weapons
 a - a +0 rapier (weapon)
Armour
 b - a +0 scale mail (worn)
 c - a +0 shield (worn)
Jewellery
 j - a cursed ring of teleportation {unknown}
Scrolls
 h - 3 scrolls of identify {unknown}
 i - a scroll of fear {unknown}
 l - a scroll of teleportation {unknown}
Potions
 d - a potion of might
 e - a potion of mutation {unknown}
 g - a potion of curing {unknown}
 k - a potion of lignification {unknown}
 m - 2 potions of brilliance {unknown}
Comestibles
 f - 3 rations


   Skills:
 + Level 3.8 Fighting
 + Level 2.6 Short Blades
 + Level 4.0 Armour
 + Level 4.0 Shields


You had one spell level left.
You didn't know any spells.
Your spell library was empty.

Dungeon Overview and Level Annotations

Branches:
Dungeon (1/15)

Altars:


Innate Abilities, Weirdness & Mutations

You reflexively headbutt those who attack you in melee.
You have a pair of horns on your head.


Message History

You kill the goblin!
You feel sick.
You are no longer poisoned.
Things that are here:
a +0 dagger; a goblin corpse
Found 14 gold pieces.
A hobgoblin comes into view. It is wielding a +0 club.
The hobgoblin shouts!
A hobgoblin is nearby!
The hobgoblin hits you but does no damage.
You closely miss the hobgoblin. You headbutt the hobgoblin.
You kill the hobgoblin!
Things that are here:
a cursed +0 club; a hobgoblin corpse You now have 66 gold pieces (gained 14).
l - a scroll labeled IPTOKI WYJESCH
h - 3 scrolls labeled NOUPNI LAETZIA (gained 1)
There is a stone staircase leading down here.
m - 2 orange potions Are you sure you want to abandon this character and quit the game? (Confirm with "yes".)

#.#.# #.#≈.§≈≈.≈#.# #.#.#
#.#≈§.≈.≈≈#.# ..#.#
###.#§≈...≈≈#.# ###.#...
....§≈.<.§...# #.##.#
#..#≈≈...≈≈#.# #.##.#
#..#≈§.≈.≈≈#.# #.##.#
#..#≈.≈≈≈.≈#.# ###.##.#
#..##+###+##.# ....##.#
#..@.......>.####### ###.##.#
#.........#.#.......
######.#################.#.######
.........................#.......
#####......................[((...
#..........#####....)........
#####..######.######....)...#####
.......## #.#.............##
.##...#.# #.#...........[.....


There were no monsters in sight!

Vanquished Creatures
  A giant cockroach (D:1)
  5 goblins (D:1)
  4 hobgoblins (D:1)
  2 jackals (D:1)
  A kobold (D:1)
  2 bats (D:1)
  A frilled lizard (D:1)
  2 rats (D:1)
18 creatures vanquished.

Notes
Turn   | Place    | Note
-------+----------+-------------------------------------------
     0 | D:1      | Yuikono the Minotaur Fighter began the quest for the Orb.
     0 | D:1      | Reached XP level 1. HP: 19/19 MP: 0/0
   184 | D:1      | Reached XP level 2. HP: 27/27 MP: 1/1
   497 | D:1      | Quit the game

Vault maps used:
D:1:      ncdulo_lavacross, minivault_26, minmay_tromino_i2

Skill      XL: |  1  2 |
---------------+-------+-----
Armour         | 4 |  4.0
Shields        | 4 |  4.0
Fighting       | |  3.8
Short Blades   | |  2.6

Action                   || total
-------------------------++-------
Melee: Rapier            ||    34
       Headbutt          ||     5
Armor: Scale mail        ||    16
Dodge: Dodged            ||    15
Block: Shield            ||    18

Table legend:
 A = Non-vault XP
 B = Vault XP
 C = Vault XP percentage of total XP
 D = Non-vault monster count
 E = Vault monster count
 F = Vault count percentage of total count
                 A         B        C        D         E       F
            +---------+---------+-------+---------+---------+-------
      Total |      27 |       3 |  10.0 |      16 |       2 |  11.1
            +---------+---------+-------+---------+---------+-------
        D:1 |      27 |       3 |  10.0 |      16 |       2 |  11.1
            +---------+---------+-------+---------+---------+-------
